 Dungeon Crawl Stone Soup version 0.17-a0-1174-ge06b3cc (webtiles) character file.

42 wvc the Cudgeler (level 3, -1/27 HPs)
             Began as a Mummy Wanderer on May 29, 2015.
             Was an Initiate of Cheibriados.
             Slain by an adder (3 damage)
             ... on level 2 of the Dungeon.
             The game lasted 00:03:04 (1964 turns).

wvc the Cudgeler (Mummy Wanderer)                   Turns: 1964, Time: 00:03:04

Health: -1/27      AC:  3    Str: 17    XL:     3   Next: 35%
Magic:  3/3        EV: 12    Int: 12    God:    Cheibriados [......]
Gold:   71         SH:  0    Dex: 12    Spells: 0 memorised, 2 levels left

rFire  x . .     SeeInvis .     c - +0 mace
rCold  + . .     Clarity  .     d - +0 robe
rNeg   + + +     SustAt   .     (no shield)
rPois  ∞         Gourm    .     (no helmet)
rElec  .         Spirit   .     (no cloak)
rCorr  .         Warding  .     f - +0 pair of gloves (curse)
rMut   .         Stasis   .     (no boots)
MR     .....                    (no amulet)
Stlth  ++........               (no ring)
                                (no ring)

@: slow, not resistant to hostile enchantments, unstealthy
A: no food or potions, fire vulnerability, cold resistance 1, negative energy
resistance 3, torment resistance, unbreathing
a: Bend Time, Renounce Religion


You were on level 2 of the Dungeon.
You worshipped Cheibriados.
Cheibriados was noncommittal.
You were not hungry.

You visited 1 branch of the dungeon, and saw 2 of its levels.

You collected 71 gold pieces.

Inventory:

Hand weapons
 b - a +2 blowgun
 c - a +0 mace (weapon)
Missiles
 a - a curare-tipped needle
 e - 10 poisoned needles
 h - 13 stones (quivered)
Armour
 d - a +0 robe (worn)
 f - a cursed +0 pair of gloves (worn)
Scrolls
 g - a scroll of immolation {unknown}
 i - a scroll of magic mapping {unknown}


   Skills:
 - Level 2.0 Fighting
 + Level 3.3 Maces & Flails
 - Level 1.0 Throwing
 - Level 2.4 Armour
 + Level 1.2 Dodging
 - Level 1.0 Stealth


You had 2 spell levels left.
You didn't know any spells.

Dungeon Overview and Level Annotations

Branches:
Dungeon (2/15)

Altars:
Cheibriados


Innate Abilities, Weirdness & Mutations

You do not eat or drink.
Your flesh is vulnerable to fire.
You are immune to poison.
Your flesh is cold resistant.
You are immune to negative energy.
You are immune to unholy pain and torment.
You can survive without breathing.


Message History

The hobgoblin is heavily wounded.
The hobgoblin hits you with a club. The adder bites you but does no damage.
You closely miss the hobgoblin.
The hobgoblin is heavily wounded.
The adder bites you. The hobgoblin hits you with a club. The adder bites you.
You closely miss the hobgoblin.
The hobgoblin is heavily wounded.
The adder bites you. The hobgoblin closely misses you.
The adder barely misses you. The hobgoblin hits you with a club.
* * * LOW HITPOINT WARNING * * *
You barely miss the hobgoblin.
The hobgoblin is heavily wounded.
The adder bites you.
* * * LOW HITPOINT WARNING * * *
The hobgoblin hits you with a club.
* * * LOW HITPOINT WARNING * * *
You hit the hobgoblin but do no damage.
The hobgoblin is heavily wounded.
The adder bites you.
You die...

#.###.#.## ..#.#### #.
...#.## ## .#....#
#.#####... .... ......#
##### ..# .. .....# ###....
#..##..... ?>...# ..#.###
..........### #....###.
#.#.#
............####.S.(((..
#.#.# ................@g(#
#.#.# ...........%.......#
#.#.# ...................#
#####.#.#
...................#
#.......#
#..................#
#.####..#
.................##
#.#.....# #
........_........#
#)#.##..# #
######..........###.#.##..#
# ##...........#.).##..# #


You could see an adder and a hobgoblin.

Vanquished Creatures
  An ooze (D:2)
  A worm (D:1)
  2 giant geckos
  3 goblins
  3 hobgoblins
  A jackal (D:2)
  2 ball pythons (D:1)
  4 bats
  2 giant cockroaches (D:1)
  2 giant newts (D:1)
  7 kobolds
  3 rats (D:1)
31 creatures vanquished.

Notes
Turn   | Place    | Note
--------------------------------------------------------------
     0 | D:1      | wvc the Mummy Wanderer began the quest for the Orb.
     0 | D:1      | wvc set off with: a curare-tipped needle, a +2 blowgun, a +0 mace, a +0 robe
     0 | D:1      | Reached XP level 1. HP: 16/16 MP: 1/1
   855 | D:1      | Reached XP level 2. HP: 22/22 MP: 2/2
   906 | D:1      | Reached skill level 3 in Maces & Flails
  1587 | D:2      | Reached XP level 3. HP: 27/27 MP: 3/3
  1723 | D:2      | Reached skill level 1 in Dodging
  1842 | D:2      | Found a snail-covered altar of Cheibriados.
  1947 | D:2      | Became a worshipper of Cheibriados the Contemplative
  1964 | D:2      | Slain by an adder

Vault maps used:
D:1:      zelgadis_glass_arrival_small
D:2:      cheibriados_altar_1

Action                   || total
-------------------------++-------
Melee: Mace              ||   111
Throw: Stone             ||    17
